 Dungeon Crawl Stone Soup version 0.25-a0-1073-gf4359a17dd (webtiles) character file.

Game seed: 7658233670105945765, levelgen mode: deterministic

306 Flugslaktarn the Chopper (level 6, -8/33 HPs)
             Began as a Vine Stalker Fighter on May 14, 2020.
             Mangled by Prince Ribbit (13 damage)
             ... on level 5 of the Dungeon.
             The game lasted 00:01:26 (3048 turns).

Flugslaktarn the Chopper (Vine Stalker Fighter)     Turns: 3048, Time: 00:01:27

Health: -8/33      AC: 12    Str: 20    XL:     6   Next: 39%
Magic:  0/7        EV:  3    Int:  8    God:
Gold:   210        SH:  9    Dex: 14    Spells: 5/5 levels left

rFire    . . .     SeeInvis .   a - +0 war axe
rCold    . . .     Gourm    .   c - +0 kite shield
rNeg     + . .     Faith    .   g - +0 plate armour
rPois    .         Spirit   +   (no helmet)
rElec    .         Reflect  .   (no cloak)
rCorr    .         Harm     .   j - +0 pair of gloves
MR       .....                  (no boots)
Stlth    ..........             (no amulet)
HPRegen  0.51/turn              p - ring of positive energy
MPRegen  0.10/turn              (no ring)

@: no status effects
A: fangs 2, regeneration 1, magic shield, antimagic bite, no potion heal 3, rot
immunity
a: no special abilities


You were on level 5 of the Dungeon.
You were not hungry.

You visited 1 branch of the dungeon, and saw 5 of its levels.

You collected 210 gold pieces.

Inventory:

Hand Weapons
 a - a +0 war axe (weapon)
Armour
 c - a +0 kite shield (worn)
 g - a +0 plate armour (worn)
   (You took it off a hobgoblin on level 3 of the Dungeon)
 j - a +0 pair of gloves (worn)
   (You found it on level 2 of the Dungeon)
Jewellery
 p - a ring of positive energy (left hand)
   (You found it on level 4 of the Dungeon)
Wands
 m - a wand of clouds (2)
   (You found it on level 3 of the Dungeon)
Scrolls
 l - a scroll of magic mapping {unknown}
 n - a scroll of enchant armour {unknown}
 o - a scroll of enchant weapon {unknown}
 q - a scroll of immolation {unknown}
 r - 2 scrolls of identify
 t - 4 scrolls of teleportation
 x - a scroll of remove curse
Potions
 d - a potion of might
 f - 2 potions of lignification {unknown}
 h - a potion of cancellation
 i - 2 potions of degeneration {unknown}
 k - 2 potions of curing {unknown}
Comestibles
 b - 2 chunks of flesh
 e - 12 rations


   Skills:
 + Level 3.6 Fighting
 * Level 3.9 Axes
 + Level 3.3 Armour
 + Level 3.7 Shields


You had 5 spell levels left.
You didn't know any spells.
Your spell library was empty.

Dungeon Overview and Level Annotations

Branches:
Dungeon (5/15)
 Temple: D:4-7

Altars:
Cheibriados
Elyvilon

Annotations:
D:5 Prince Ribbit


Innate Abilities, Weirdness & Mutations

You have extremely sharp teeth.
Your natural rate of healing is unusually fast.
When hurt, damage is shared between your health and your magic reserves.
Your bite disrupts and absorbs the magic of your enemies.
Potions cannot restore your health.
You are immune to rotting.


Message History

Prince Ribbit hops awkwardly around.
Prince Ribbit hits you!
* * * LOW HITPOINT WARNING * * *
Prince Ribbit hits you.
* * * LOW HITPOINT WARNING * * *
You are too injured to fight recklessly!
You are too injured to fight recklessly!
You are too injured to fight recklessly!
You are too injured to fight recklessly!
You are too injured to fight recklessly!
You are too injured to fight recklessly!
You are too injured to fight recklessly!
You are too injured to fight recklessly!
You are too injured to fight recklessly!
You are too injured to fight recklessly!
You are too injured to fight recklessly!
You miss Prince Ribbit. Your bite misses Prince Ribbit.
Prince Ribbit is moderately wounded.
You block Prince Ribbit's attack. Prince Ribbit hits you!
You die...

#.............#
#.#.##..#.###.#
#....#..#.#
######..#.#
.[.......#.#
########.#.# #
#.....#.# #.#
###)#####F###....
#...# #@......#
#.#######..######
#..........#
#########.## #.#
#.# #.# #.# #.#


You could see Prince Ribbit.

Vanquished Creatures
  2 ogres (D:4)
  An orc wizard (D:4)
  3 adders
  An ooze (D:1)
  An adder skeleton (D:4)
  2 worms (D:3)
  A dart slug (D:5)
  4 leopard geckos
  6 orcs
  8 bats
  4 giant cockroaches
  7 goblins
  8 hobgoblins
  4 jackals (D:3)
  A frilled lizard (D:1)
  7 kobolds
  6 rats
66 creatures vanquished.

Notes
Turn   | Place    | Note
-------+----------+-------------------------------------------
     0 | D:1      | Flugslaktarn the Vine Stalker Fighter began the quest for
                  | the Orb.
     0 | D:1      | Reached XP level 1. HP: 11/11 MP: 2/2
   152 | D:1      | Reached XP level 2. HP: 16/16 MP: 3/3
   467 | D:1      | Reached XP level 3. HP: 17/19 MP: 2/4
  1553 | D:3      | Gained mutation: Your natural rate of healing is unusually
                  | fast. [Vine Stalker growth]
  1553 | D:3      | Reached XP level 4. HP: 24/24 MP: 5/5
  2438 | D:4      | Reached XP level 5. HP: 28/28 MP: 6/6
  2454 | D:4      | Found a white marble altar of Elyvilon.
  2508 | D:4      | Noticed an ogre
  2511 | D:4      | Killed an ogre
  2606 | D:4      | Noticed an ogre
  2615 | D:4      | Killed an ogre
  2615 | D:4      | Reached XP level 6. HP: 29/33 MP: 7/7
  2946 | D:5      | Entered Level 5 of the Dungeon
  3011 | D:5      | Found a snail-covered altar of Cheibriados.
  3041 | D:5      | Noticed Prince Ribbit
  3048 | D:5      | Mangled by Prince Ribbit

Illustrated notes

Levels and vault maps discovered:
D:1:      minmay_arrival_loop, layout_loops_ring, chequers_serial_rivers_small_b
D:2:      layout_basic, gammafunk_temple_overflow_statue, doesnt_xom_only_xom
D:3:      layout_basic, serial_corexii_hall, corexii_hall_statues_t,
          corexii_hall_statues_deadend, chequers_hall_statues_wall_a,
          chequers_hall_statues_corner_a
D:4:      layout_rooms, elyvilon_altar_5, first_ration, grunt_decor_clamped
D:5:      layout_basic, cheibriados_altar_1, uniq_ijyb, uniq_blork_the_orc,
          uniq_prince_ribbit1, uniq_sigmund

Skill      XL: |  1  2  3  4 |
---------------+-------------+-----
Axes           | 2 3 |  3.9
Fighting       | 3 |  3.6
Shields        | 3 |  3.7
Armour         | 3 |  3.3

Action                   |  1- 3 |  4- 6 || total
-------------------------+-------+-------++-------
Melee: War axe           |   103 |    85 ||   188
       Bite              |    27 |    25 ||    52
  Use: Scroll            |     2 |     4 ||     6
  Eat: Chunk             |     2 |     4 ||     6
       Ration            |       |     1 ||     1
Armor: Scale mail        |    28 |       ||    28
       Chain mail        |    28 |    14 ||    42
       Plate armour      |       |    21 ||    21
Dodge: Dodged            |    23 |    17 ||    40
Block: Kite shield       |    55 |    40 ||    95

Table legend:
 A = Non-vault XP
 B = Vault XP
 C = Vault XP percentage of total XP
 D = Non-vault monster count
 E = Vault monster count
 F = Vault count percentage of total count
                 A         B        C        D         E       F
            +---------+---------+-------+---------+---------+-------
      Total |     438 |       0 |   0.0 |      66 |       0 |   0.0
            +---------+---------+-------+---------+---------+-------
        D:1 |      43 |       0 |   0.0 |      21 |       0 |   0.0
        D:2 |      27 |       0 |   0.0 |      10 |       0 |   0.0
        D:3 |      61 |       0 |   0.0 |      23 |       0 |   0.0
        D:4 |     303 |       0 |   0.0 |      11 |       0 |   0.0
        D:5 |       4 |       0 |   0.0 |       1 |       0 |   0.0
            +---------+---------+-------+---------+---------+-------
